 Dungeon Crawl Stone Soup version 0.30-a0-1050-g2766ea1e55 (webtiles) character file.

Game seed: 2950913185297677520

24633 CryoSword the Blocker (level 12, -3/97 HPs)
             Began as a Grey Draconian Summoner on Apr 10, 2023.
             Was a Priest of Sif Muna.
             Slain by a fire crab (15 damage)
             ... on level 3 of the Lair of Beasts.
             The game lasted 00:36:15 (18019 turns).

CryoSword the Blocker (Grey Draconian Summoner)    Turns: 18019, Time: 00:36:15

Health: -3/97      AC: 21    Str: 11    XL:     12   Next: 82%
Magic:  9/15       EV: 13    Int: 19    God:    Sif Muna [***...]
Gold:   722        SH: 18    Dex: 19    Spells: 10/15 levels left

rFire   . . .      SeeInvis .    w - +2 falchion (flame)
rCold   . . .      Faith    .    L - +0 tower shield
rNeg    . . .      Spirit   .    (body armour unavailable)
rPois   +          Reflect  .    F - +2 hat
rElec   .          Rampage  .    (no cloak)
rCorr   .                        d - +2 pair of gloves
Will    .....                    r - +2 pair of boots
Stlth   +++                      (no amulet)
HPRegen 0.36/turn                D - ring of poison resistance
MPRegen 0.14/turn                A - +6 ring of dexterity

@: lethally poisoned (-3 -> -5)
A: AC +13, amphibious, unfitting armour, cold-blooded
a: Renounce Religion, Channel Magic, Forget Spell


You were on level 3 of the Lair of Beasts.
You worshipped Sif Muna.
Sif Muna was most pleased with you.
You visited 3 branches of the dungeon, and saw 15 of its levels.
You also visited: Ossuary.

You collected 911 gold pieces.
You spent 189 gold pieces at shops.

Inventory:

Hand Weapons
 w - a +2 falchion of flaming (weapon)
   (You took it off an orc on level 7 of the Dungeon)
Missiles
 j - 34 poisoned darts
 y - 11 boomerangs
 J - 2 atropa-tipped darts
Armour
 d - a +2 pair of gloves (worn)
   (You found it on level 3 of the Dungeon)
 r - a +2 pair of boots (worn)
   (You bought it in a shop on level 3 of the Dungeon)
 F - a +2 hat (worn)
   (You found it on level 7 of the Dungeon)
 L - a +0 tower shield (worn)
   (You bought it in a shop on level 3 of the Dungeon)
 M - a +0 kite shield
   (You took it off a gnoll sergeant on level 11 of the Dungeon)
Jewellery
 b - a ring of resist corrosion
   (You found it on level 3 of the Dungeon)
 A - a +6 ring of dexterity (right hand)
   (You found it on level 5 of the Dungeon)
 D - a ring of poison resistance (left hand)
   (You found it on level 3 of the Lair of Beasts)
Wands
 i - a wand of light (13)
   (You found it on level 2 of the Dungeon)
 v - a wand of iceblast (2) (quivered)
   (You took it off a centaur on level 9 of the Dungeon)
 G - a wand of paralysis (4)
   (You found it on level 10 of the Dungeon)
 H - a wand of mindburst (20)
   (You found it on level 7 of the Dungeon)
 P - a wand of digging (6)
   (You found it on level 1 of the Lair of Beasts)
Scrolls
 f - 2 scrolls of enchant armour
 g - 2 scrolls of blinking {unknown}
 m - a scroll of silence {unknown}
 n - 6 scrolls of teleportation {@r4}
 p - a scroll of magic mapping
 t - 5 scrolls of enchant weapon
 x - 5 scrolls of brand weapon {unknown}
 B - 2 scrolls of noise {unknown}
 C - 2 scrolls of poison {unknown}
 E - a scroll of vulnerability {unknown}
 K - 4 scrolls of amnesia
 N - a scroll of identify {@r1}
Potions
 a - a potion of magic
 c - a potion of flight
 k - 3 potions of mutation {!q}
 o - 3 potions of resistance
 q - 4 potions of cancellation
 s - a potion of ambrosia
 u - 3 potions of brilliance
 z - 4 potions of lignification {!q}
 I - a potion of invisibility {unknown}
 O - a potion of haste {@q3}
Miscellaneous
 e - a box of beasts (inert)
   (You found it on level 1 of the Lair of Beasts)


   Skills:
 - Level 6.3 Fighting
 - Level 3.2(7.4) Short Blades
 * Level 10.5(10.8) Long Blades
 - Level 5.7 Dodging
 - Level 5.1 Stealth
 * Level 12.0 Shields
 - Level 2.0 Spellcasting
 * Level 10.5 Summonings
 + Level 4.3 Invocations
 + Level 3.1 Evocations


You had 10 spell levels left.
You knew the following spells:

 Your Spells              Type           Power      Damage    Failure   Level
a - Call Imp              Summ           82%        N/A       1%          2
b - Call Canine Familiar  Summ           41%        N/A       3%          3

Your spell library contained the following spells:

 Spells                   Type           Power      Damage    Failure   Level
 Summon Small Mammal      Summ           100%       N/A       1%          1
 Summon Guardian Golem    Hex/Summ       21%        N/A       28%         3
 Necrotise                Necr           4%         1d4       63%         1
 Slow                     Hex            4%         N/A       63%         1
 Summon Lightning Spire   Summ/Air       21%        N/A       67%         4
 Blink                    Tloc           2%         N/A       77%         2
 Poisonous Vapours        Pois/Air       2%         N/A       77%         2
 Confusing Touch          Hex            1%         N/A       94%         3
 Inner Flame              Hex/Fire       1%         N/A       94%         3
 Portal Projectile        Hex/Tloc       2%         N/A       94%         3
 Tukima's Dance           Hex            1%         N/A       94%         3
 Vampiric Draining        Necr           1%         2d6       94%         3
 Flame Wave               Conj/Fire      1%         2d4       100%        4
 Manifold Assault         Tloc           1%         N/A       100%        4
 Sticky Flame             Conj/Fire      1%         2d3       100%        4
 Agony                    Necr           1%         N/A       100%        5
 Blade Hands              Tmut           0%         N/A       100%        5
 Eringya's Noxious Bog    Tmut/Pois      0%         N/A       100%        6
 Storm Form               Tmut/Air       0%         N/A       100%        7
 Borgnjor's Revivificati  Necr           0%         N/A       100%        8


Dungeon Overview and Level Annotations

Branches:
Dungeon (11/15)            Temple (1/1) D:7            Lair (3/5) D:9
  Swamp (0/4) Lair:3        Snake (0/4) Lair:3          Orc (0/2) D:9
Ossuary (visited)

Altars:
Ashenzari
Cheibriados
Dithmenos
Elyvilon
Fedhas
Gozag
Hepliaklqana
Kikubaaqudgha
Makhleb
Nemelex Xobeh
Okawaru
Qazlal
Ru
Sif Muna
Trog
Uskayaw
Vehumet
Wu Jian
Xom
Yredelemnul
Zin
The Shining One

Shops:
D:3 [

Annotations:
D:8 Psyche
D:11 Fannar
Lair:2 2 transporters, tish's ghost, journeyman MiBe


Innate Abilities, Weirdness & Mutations

Your dull iron-grey scales are very hard. (AC +13)
You are amphibious.
You cannot fit into any form of body armour.
You are cold-blooded and may be slowed by cold attacks.


Message History

You block the killer bee's attack.
Your hound misses the killer bee.
You block the killer bee's attack. x2; The killer bee barely misses you.
Your hound completely misses the killer bee.
A tiny devil pulls itself out of the air.
You block the killer bee's attack. x2
The killer bee stings you but does no damage.
Your hound completely misses the killer bee.
You block the killer bee's attack.
The killer bee stings you but does no damage.
The killer bee completely misses you.
You hit the killer bee. You burn the killer bee.
Your tail-slap misses the killer bee.
The killer bee stings you but does no damage.
You block the killer bee's attack. x2; Your hound bites the killer bee.
The killer bee closely misses your hound.
You block the killer bee's attack. x2
You slash the killer bee! You burn the killer bee.
You kill the killer bee!
Sif Muna accepts your kill.
Your hound closely misses the killer bee.
The killer bee misses your hound. You block the killer bee's attack.
Your hound completely misses the killer bee.
Your cerulean imp misses the killer bee.
The killer bee barely misses you.
The killer bee barely misses your hound.
You catch the helpless killer bee completely off-guard!
You hit the killer bee. You burn the killer bee.
You block the killer bee's attack. x2
Your hound barely misses the killer bee.
The killer bee closely misses you. You block the killer bee's attack.
Your cerulean imp closely misses the killer bee.
Your hound closely misses the killer bee.
You miss the killer bee. You block the killer bee's attack.
The killer bee stings your cerulean imp.
Your hound closely misses the killer bee.
You block the killer bee's attack.
The killer bee stings you but does no damage.
Your cerulean imp completely misses the killer bee.
The fire crab breathes flames at you.
You barely miss the killer bee. The killer bee completely misses you.
The killer bee closely misses you.
Your hound is engulfed in blazing flames.
Your hound bites the killer bee.
You block the killer bee's attack. The killer bee closely misses you.
Your cerulean imp is engulfed in blazing flames.
Your cerulean imp misses the killer bee.
Your hound is engulfed in blazing flames.
Your hound dies!
Your hound's corpse disappears in a puff of smoke!
You slash the killer bee! You burn the killer bee.
You kill the killer bee!
Sif Muna accepts your kill. You block the killer bee's attack.
The killer bee stings you but does no damage.
Your cerulean imp is engulfed in blazing flames.
Your cerulean imp dies!
Your cerulean imp disappears in a puff of smoke!
You hit the killer bee. You burn the killer bee.
Your tail-slap misses the killer bee.
You block the killer bee's attack. The killer bee misses you.
The killer bee attacks as you move away!
The killer bee stings you but does no damage.
You block the killer bee's attack.
You block the killer bee's attack. x2; The killer bee closely misses you.
A tiny devil pulls itself out of the air.
You block the killer bee's attack. The killer bee misses you.
You block the killer bee's attack. x2; The killer bee barely misses you.
You block the killer bee's attack. The fire crab barely misses you.
The fire crab claws you.
You are engulfed in flames!
You hit the fire crab.
You tail-slap the fire crab, but do no damage.
Your wolf bites the fire crab but does no damage.
You block the killer bee's attack. x2; The killer bee barely misses you.
Your wolf bites the fire crab but does no damage.
The killer bee stings you but does no damage.
You block the killer bee's attack. The killer bee completely misses you.
The fire crab bites you but does no damage.
The fire crab misses you.
Your cerulean imp misses the killer bee.
You barely miss the fire crab. You tail-slap the fire crab.
You block the killer bee's attack. The killer bee closely misses you.
You block the killer bee's attack.
Your wolf bites the fire crab.
The killer bee stings you but does no damage.
You block the killer bee's attack.
The killer bee stings you but does no damage.
The killer bee stings you.
The fire crab bites you but does no damage.
The fire crab closely misses you.
Your wolf bites the fire crab.
Your cerulean imp hits the killer bee but does no damage.
You catch the helpless fire crab completely off-guard!
You hit the fire crab.
You tail-slap the fire crab, but do no damage.
The killer bee stings you but does no damage.
You block the killer bee's attack. x2; The killer bee stings you!
The killer bee stings you.
You are poisoned.
The killer bee poisons you!
Your wolf bites the fire crab!
The killer bee stings you but does no damage.
You block the killer bee's attack. The killer bee misses you.
A killer bee comes into view.
The killer bee misses you. The killer bee barely misses you.
You block the fire crab's attack. x2; Your wolf bites the fire crab.
Your cerulean imp completely misses the killer bee.
The killer bee buzzes angrily.
You hit the fire crab.
You feel very sick. You block the killer bee's attack.
The killer bee stings you but does no damage.
The killer bee completely misses you. The killer bee stings you.
* * * LOW HITPOINT WARNING * * *
The killer bee barely misses you.
Your wolf barely misses the fire crab.
The killer bee stings you but does no damage.
You block the killer bee's attack. The killer bee barely misses you.
The killer bee closely misses you.
The killer bee stings you but does no damage.
The fire crab bites you.
* * * LOW HITPOINT WARNING * * *
You are engulfed in flames!
* * * LOW HITPOINT WARNING * * *
The fire crab claws you.
* * * LOW HITPOINT WARNING * * *
You are engulfed in flames!
* * * LOW HITPOINT WARNING * * *
Your cerulean imp barely misses the killer bee.
As you read the scroll of fear, it crumbles to dust.
You assume a fearsome visage.
The killer bee looks frightened! x11
The fire crab looks frightened!
You feel sick.
The killer bee stings your cerulean imp but does no damage.
Your wolf bites the fire crab but does no damage.
Cornered, the killer bee turns to fight!
Your wolf bites the fire crab.
Your wolf's attack snaps the fire crab out of its fear.
The fire crab bites your wolf.
Your wolf is engulfed in flames!
The fire crab misses your wolf.
Your cerulean imp completely misses the killer bee.
You swap places.
You feel sick.
Your wolf bites the fire crab but does no damage.
The killer bee closely misses your wolf.
Cornered, the killer bee turns to fight! x2
The fire crab closely misses your wolf. The fire crab claws your wolf!
Your wolf is engulfed in flames!
Your wolf dies!
Your wolf's corpse disappears in a puff of smoke!
You feel sick.
Cornered, the killer bee turns to fight! x2
The killer bee barely misses you. x2; The fire crab barely misses you.
The fire crab claws you.
* * * LOW HITPOINT WARNING * * *
You are engulfed in flames!
You die... ####........####......## #....##.## #.......# ##.#.#### ##.....## #...# #...### #... ####...### ## #........# +. #........## # .!. ##.<.......# # yy..

#.y@......## ##### y.y†.
#.yt......## <.yy#.y....
##†§.......# .#Fyh.ty†!†
#.........##
##.##yyy.!.+..+†y......#
#### !.!.!.###y...5...#
.†yy #yy....yy# †..
#.#######.# .# ### ##


You could see a fire crab, 8 killer bees and a friendly cerulean imp (summoned).

Vanquished Creatures
  A hydra (Lair:1)
  A centaur warrior (D:9)
  A two-headed ogre (D:9)
  Nergalle (D:11)
  A skyshark (Lair:2)
  Amaemon (D:10)
  An elephant (Lair:2)
  2 black mambas
  5 cane toads
  An orange demon (D:10)
  A rime drake (Lair:2)
  2 komodo dragons
  2 polar bears
  A troll (D:9)
  Grinder (D:5)
  2 dream sheep (Lair:3)
  Prince Ribbit (D:7)
  A spriggan (Lair:2)
  A basilisk (Lair:1)
  4 wyverns
  2 vampires
  11 yaks
  An unseen horror simulacrum (D:8)
  A naga (Lair:3)
  Duvessa (D:4)
  7 water moccasins
  A black bear (D:6)
  An ice beast (D:8)
  4 orc warriors (D:9)
  9 wolves
  3 sky beasts (D:7)
  2 centaurs
  2 ogres (D:6)
  2 kobold brigands
  9 bullfrogs
  5 scorpions
  2 gnoll sergeants
  A wight (D:8)
  Dowan (D:4)
  12 killer bees
  A howler monkey (D:9)
  A hound (D:6)
  3 jellies
  3 orc priests
  A gnoll bouda (D:7)
  3 iguanas
  7 orc wizards
  5 sleepcaps
  Ijyb (D:5)
  8 mummies
  Robin (D:3)
  4 gnolls
  7 adders
  2 shadow imps
  A white imp (D:6)
  A worm (D:4)
  3 dart slugs
  14 orcs
  4 endoplasms
  3 giant cockroaches
  2 gnoll zombies (Ossuary)
  10 goblins
  3 hobgoblins
  5 jackals
  2 quokkas
  2 ball pythons
  2 bats (D:3)
  2 frilled lizards (D:2)
  7 kobolds
  2 orc zombies (Ossuary)
  2 rats (D:3)
220 creatures vanquished.

Vanquished Creatures (collateral kills)
  A two-headed ogre (D:9)
  2 death yaks (Lair:2)
  A torpor snail (Lair:3)
  Maggie (D:8)
  2 komodo dragons
  2 burning bushes (Lair:1)
  2 polar bears (Lair:3)
  A dream sheep (Lair:3)
  11 yaks
  3 wyverns
  A vampire (D:9)
  A basilisk (Lair:3)
  A steam dragon (D:9)
  4 water moccasins
  A sky beast (D:7)
  2 ogres
  An ice beast (D:8)
  A centaur (D:9)
  A wolf (Lair:1)
  A gnoll sergeant (D:11)
  A bullfrog (Lair:3)
  2 scorpions
  2 wights (D:9)
  4 killer bees
  A howler monkey (D:11)
  2 gnoll boudas (D:9)
  2 hounds
  An orc priest (D:9)
  3 orc wizards
  A mummy (Ossuary)
  3 gnolls
  An ufetubus (D:8)
  A worm (D:2)
  A dart slug (D:4)
  13 orcs
  3 giant cockroaches (D:1)
  6 goblins
  2 hobgoblins (D:1)
  A jackal (D:3)
  8 kobolds
  2 quokkas
  A ball python (D:1)
  3 frilled lizards
  A hobgoblin zombie (Ossuary)
  A kobold zombie (Ossuary)
  2 orc zombies (Ossuary)
108 creatures vanquished.

Vanquished Creatures (others)
  An orc warrior (D:9)
  A bush (Lair:2)
  17 fungi
  23 plants
42 creatures vanquished.

Grand Total: 370 creatures vanquished

Notes
Turn   | Place    | Note
-------+----------+-------------------------------------------
     0 | D:1      | CryoSword the Draconian Summoner began the quest for the
                  | Orb.
     0 | D:1      | Reached XP level 1. HP: 14/14 MP: 3/3
   290 | D:1      | Reached XP level 2. HP: 19/20 MP: 5/5
   798 | D:1      | Learned a level 2 spell: Call Imp
  1064 | D:2      | Reached XP level 3. HP: 25/26 MP: 6/6
  1074 | D:2      | Reached skill level 1 in Shields
  1336 | D:2      | Reached skill level 5 in Summonings
  1690 | D:2      | Reached XP level 4. HP: 33/33 MP: 5/7
  1811 | D:3      | Learned a level 3 spell: Call Canine Familiar
  1862 | D:3      | Reached skill level 2 in Shields
  1975 | D:3      | Found a sacrificial altar of Ru.
  2213 | D:3      | Noticed Robin
  2214 | D:3      | Found Jast's Armour Shoppe.
  2264 | D:3      | Killed Robin
  2410 | D:3      | Bought a +0 pair of boots for 63 gold pieces
  2410 | D:3      | Bought a +0 pair of gloves for 63 gold pieces
  2796 | D:3      | Noticed a centaur
  2813 | D:3      | Killed a centaur
  2814 | D:3      | Reached skill level 1 in Fighting
  2814 | D:3      | Reached XP level 5. HP: 40/40 MP: 4/8
  3419 | D:4      | Reached skill level 3 in Shields
  3419 | D:4      | Reached XP level 6. HP: 48/48 MP: 7/9
  3834 | D:4      | Noticed Dowan
  3835 | D:4      | Noticed Duvessa
  3874 | D:5      | Entered Level 5 of the Dungeon
  3876 | D:5      | Noticed Ijyb
  3929 | D:5      | Noticed a water moccasin
  3936 | D:5      | Killed a water moccasin
  4087 | D:5      | Your scales start taking on a dull iron-grey colour.
  4087 | D:5      | Reached XP level 7. HP: 56/56 MP: 10/10
  4381 | D:5      | Paralysed by Ijyb for 5 turns
  4397 | D:5      | Killed Ijyb
  4576 | D:5      | Reached skill level 4 in Shields
  4615 | D:5      | Noticed Grinder
  4625 | D:5      | Killed Grinder
  4626 | D:5      | Reached XP level 8. HP: 66/66 MP: 11/11
  4752 | D:4      | Killed Duvessa
  4753 | D:4      | Killed Dowan
  4970 | D:6      | Found a hide-covered altar of Uskayaw.
  5012 | D:6      | Found a hazy altar of Hepliaklqana.
  5096 | D:6      | Reached skill level 5 in Shields
  5444 | D:6      | Reached skill level 5 in Stealth
  5524 | D:6      | Reached skill level 5 in Fighting
  5638 | D:6      | Reached XP level 9. HP: 74/74 MP: 6/12
  5843 | D:7      | Reached skill level 1 in Short Blades
  5855 | D:7      | Reached skill level 5 in Dodging
  5967 | D:7      | Noticed Prince Ribbit
  5971 | D:7      | Killed Prince Ribbit
  6106 | D:7      | Reached skill level 6 in Shields
  6297 | D:7      | Found a staircase to the Ecumenical Temple.
  6305 | Temple   | Entered the Ecumenical Temple
  6453 | Temple   | Became a worshipper of Sif Muna the Loreminder
  6475 | D:7      | Found a snail-covered altar of Cheibriados.
  6697 | D:7      | Reached skill level 1 in Invocations
  7187 | D:8      | Found a shadowy altar of Dithmenos.
  7190 | D:8      | Noticed Psyche
  7364 | D:8      | Found a sand-covered staircase.
  7370 | Ossuary  | Entered an ossuary
  7394 | Ossuary  | Reached * piety under Sif Muna
  7691 | D:8      | Noticed Maggie
  7703 | D:8      | Killed Maggie
  7704 | D:8      | Reached XP level 10. HP: 75/84 MP: 9/13
  7978 | D:8      | Found a bloodstained altar of Trog.
  7998 | D:8      | Reached skill level 1 in Long Blades
  8015 | D:8      | Found a white marble altar of Elyvilon.
  8566 | D:9      | Noticed a two-headed ogre
  8633 | D:9      | Noticed a two-headed ogre
  8664 | D:9      | Reached skill level 7 in Shields
  8931 | D:9      | Noticed a centaur warrior
  8946 | D:9      | Killed a centaur warrior
  8947 | D:9      | Reached skill level 5 in Long Blades
  8947 | D:9      | Reached skill level 8 in Shields
  9041 | D:9      | Found a radiant altar of Vehumet.
  9463 | D:9      | You fall into a shaft and drop 1 floor!
  9463 | D:10     | Entered Level 10 of the Dungeon
  9809 | D:9      | Killed a two-headed ogre
  9809 | D:9      | Reached ** piety under Sif Muna
  9846 | D:9      | Reached skill level 9 in Shields
  9883 | D:9      | Reached XP level 11. HP: 89/90 MP: 8/14
 10188 | D:9      | Found a blossoming altar of Fedhas.
 10628 | D:9      | Found a staircase to the Orcish Mines.
 10853 | D:9      | Found a staircase to the Lair.
 10947 | D:9      | Found a staircase to the Lair.
 11032 | D:9      | Found a staircase to the Orcish Mines.
 11048 | D:9      | Found a radiant altar of Vehumet.
 11190 | D:9      | Killed a two-headed ogre
 11279 | D:9      | Found a blossoming altar of Fedhas.
 11763 | D:10     | Noticed Amaemon
 11779 | D:10     | Killed Amaemon
 11780 | D:10     | Reached skill level 10 in Shields
 12048 | D:10     | Found an opulent altar of Gozag.
 12538 | D:3      | Bought a +0 tower shield for 63 gold pieces
 12669 | D:11     | Noticed Nergalle
 13013 | D:11     | Killed Nergalle
 13201 | D:11     | Noticed Fannar
 13429 | Lair:1   | Entered Level 1 of the Lair of Beasts
 13958 | Lair:1   | Found a glowing golden altar of the Shining One.
 14033 | Lair:1   | Noticed a four-headed hydra
 14041 | Lair:1   | Killed a one-headed hydra
 14119 | Lair:1   | Reached skill level 11 in Shields
 14391 | Lair:1   | Got the Elucidation of Triumph
 14816 | Lair:2   | Reached XP level 12. HP: 79/97 MP: 9/15
 15140 | Lair:2   | Reached *** piety under Sif Muna
 15141 | Lair:2   | Reached skill level 1 in Evocations
 15771 | Lair:2   | Found a transporter.
 15783 | Lair:2   | Noticed tish's ghost (journeyman MiBe)
 15796 | Lair:2   | Found a transporter.
 15825 | Lair:2   | Noticed a death yak
 15827 | Lair:2   | Noticed a death yak
 15827 | Lair:2   | Noticed a death yak
 15827 | Lair:2   | Noticed a death yak
 15828 | Lair:2   | Noticed a death yak
 15835 | Lair:2   | Noticed a boulder beetle
 16641 | Lair:2   | Killed a death yak
 16800 | Lair:3   | Found a staircase to the Swamp.
 16831 | Lair:3   | Reached skill level 10 in Long Blades
 16942 | Lair:3   | Reached skill level 10 in Summonings
 17077 | Lair:3   | Identified the +1 leather armour of Absence {rF+ Regen+}
 17178 | Lair:2   | Noticed a death yak
 17185 | Lair:2   | Killed a death yak
 17490 | Lair:3   | Found a staircase to the Snake Pit.
 17823 | Lair:3   | Reached skill level 12 in Shields
 18019 | Lair:3   | Slain by a fire crab

Illustrated notes

Levels and vault maps discovered:
D:1:      nicolae_arrival_washed_ashore, layout_basic, minmay_tromino_v4_a
D:2:      layout_basic, roderic_roman_lattice
D:3:      layout_loops_corners, lemuel_doored_altar, serial_aquarium,
          aquarium_bridge_island_large [aquarium_subvault_large_water,
          aquarium_subvault_bridge, aquarium_subvault_window,
          aquarium_subvault_bridge, aquarium_subvault_window],
          aquarium_window_1, aquarium_window_fake, aquarium_view_2e,
          aquarium_pool_corner, serial_shops, nicolae_shop_hallway_plus,
          uniq_robin
D:4:      layout_gridville, uniq_duvessa
D:5:      layout_basic, uniq_ijyb, uniq_grinder
D:6:      layout_cave_pools, old_standard_altar, eat_drink_and_be_merry_uskayaw
D:7:      layout_loops_ring, slow_altar_1, minmay_temple_entry_statues,
          hellmonk_no_cap, uniq_prince_ribbit1
D:8:      layout_basic, grunt_temple_overflow_open,
          lightli_ossuary_entry_decrepit_ruins, serial_ice, serial_ice_o,
          serial_ice_e, serial_ice_m, serial_ice_f, uniq_psyche, uniq_maggie
D:9:      cheibrodos_ideogram_h, layout_rooms, mainiacjoe_overflow_alcove_1,
          lemuel_tele_altar, lair_entry_dummy, orc_0_dummy
D:10:     layout_irregular_city, mainiacjoe_overflow_alcove_4, minivault_16,
          uniq_amaemon
D:11:     layout_big_octagon, uniq_nergalle, uniq_fannar
Temple:   hellmonk_temple_flake
Lair:1:   layout_concentric_octagons, basic_altar, evilmike_ambush
          [evilmike_ambush_outer_basic, evilmike_ambush_inner_basic]
Lair:2:   layout_small_grid, gammafunk_ghost_berserking_beasts,
          grunt_forest_large_clearing_hut
Lair:3:   layout_roguey [special_room_bee], swamp_mist_pool,
          minmay_snake_entry_guardpost_small

Skill      XL: |  1  2  3  4  5  6  7  8  9 10 11 12 |
---------------+-------------------------------------+-----
Shields        | 1 2 3 4 5 6 9 11 12 | 12.0
Summonings     | 5 6 7 8 9 10 | 10.5
Fighting       | 1 2 3 5 6 |  6.3
Dodging        | 2 3 4 5 |  5.7
Stealth        | 2 3 4 5 |  5.1
Short Blades   | 3 |  3.2
Invocations    | 2 4 |  4.3
Long Blades    | 6 9 10 | 10.5
Evocations     | 3 |  3.1
Spellcasting   | |  2.0

Action                     |  1- 3 |  4- 6 |  7- 9 | 10-12 || total
---------------------------+-------+-------+-------+-------++-------
  Melee: Club              |    17 |       |       |       ||    17
         Unarmed           |     7 |       |       |       ||     7
         Tailslap          |     7 |    14 |    53 |   173 ||   247
         Dagger            |    65 |   119 |   292 |       ||   476
         Falchion          |       |       |       |   853 ||   853
   Cast: Summon Small Mamm |    17 |       |       |       ||    17
         Call Imp          |    12 |    22 |    27 |    84 ||   145
         Call Canine Famil |       |     2 |    29 |    88 ||   119
  Evoke: Wand              |       |       |       |     2 ||     2
         Box of beasts     |       |       |       |     1 ||     1
    Use: Scroll            |       |     5 |     9 |    12 ||    26
         Potion            |       |       |       |    20 ||    20
   Stab: Sleeping          |     5 |     2 |     4 |       ||    11
         Distracted        |       |     1 |     6 |    24 ||    31
         Invisible         |       |       |       |     2 ||     2
 Armour: Skin              |    42 |    69 |   108 |   518 ||   737
  Dodge: Dodged            |    55 |    71 |   167 |   690 ||   983
  Block: Buckler           |     5 |    17 |    57 |   174 ||   253
         Kite shield       |       |       |       |   270 ||   270
         Tower shield      |       |       |       |   326 ||   326

Table legend: (Time is in decaauts)
 A = Elapsed time spent in this place.
 B = Non-inter-level travel time spent in this place.
 C = Inter-level travel time spent in this place.
 D = Time resting spent in this place.
 E = Time spent auto-exploring this place.
 F = Levels seen in this place.
 G = Mean time per level.
                   A        B        C        D        E       F      G
               +--------+--------+--------+--------+--------+-----+--------+
         Total |  18059 |  16877 |   1182 |   2070 |  10877 |  16 | 1128.7 |
       Dungeon |  13020 |  12059 |    961 |   1343 |   7995 |  11 | 1183.6 |
        Temple |    159 |    149 |     10 |      0 |    128 |   1 |  159.0 |
          Lair |   4595 |   4385 |    210 |    727 |   2559 |   3 | 1531.7 |
       Ossuary |    283 |    283 |      0 |      0 |    195 |   1 |  283.0 |
               +--------+--------+--------+--------+--------+-----+--------+

Top non-repeatable levels by time:
     D:9: 2332 daAuts
  Lair:2: 2092 daAuts
     D:8: 1721 daAuts
  Lair:1: 1661 daAuts
    D:10: 1560 daAuts
     D:7: 1279 daAuts
     D:3: 1169 daAuts
     D:4: 1062 daAuts
     D:6: 989 daAuts
     D:2: 898 daAuts
     D:1: 888 daAuts
     D:5: 883 daAuts
  Lair:3: 842 daAuts
 Ossuary: 283 daAuts
    D:11: 234 daAuts
